 Dungeon Crawl Stone Soup version 0.29.1-1-gd02db6906a (webtiles) character file.

Game seed: 1522496914339562254

91 LustLizard the Magician (level 4, -1/33 HPs)
             Began as a Djinni Conjurer on Oct 20, 2022.
             Slain by Ijyb
             ... wielding a +0 dagger
              (4 damage)
             ... on level 3 of the Dungeon.
             The game lasted 00:04:17 (3104 turns).

LustLizard the Magician (Djinni Conjurer)           Turns: 3104, Time: 00:04:17

Health: -1/33      AC:  2    Str:  6    XL:     4   Next: 87%
Gold:   91         EV: 16    Int: 22    God:
                   SH:  0    Dex: 11

rFire   + + .      SeeInvis .   c - +0 dagger
rCold   x . .      Faith    .   (no shield)
rNeg    + . .      Spirit   .   a - +0 robe
rPois   ∞          Reflect  .   (no helmet)
rElec   .          Harm     .   (no cloak)
rCorr   .          Rampage  .   (no gloves)
Will    .....                   (boots unavailable)
Stlth   ++........              (no amulet)
HPRegen 0.11/turn               j - ring of positive energy
MPRegen 0.00/turn               l - +4 ring of evasion

@: flying
A: sickness immunity, fire resistance 2, cold vulnerability 1, float, innate
caster, HP casting, extra vitality 1
a: no special abilities


You were on level 3 of the Dungeon.
You visited 1 branch of the dungeon, and saw 3 of its levels.

You collected 91 gold pieces.

Inventory:

Hand Weapons
 c - a +0 dagger (weapon)
Armour
 a - a +0 robe (worn)
 h - a +0 leather armour
Jewellery
 j - a ring of positive energy (left hand)
 l - a +4 ring of evasion (right hand)
Scrolls
 e - a scroll of immolation {unknown}
 f - a scroll of acquirement {unknown}
 g - a scroll of noise {unknown}
 i - a scroll of enchant weapon {unknown}
 m - a scroll of blinking {unknown}
 o - a scroll of magic mapping {unknown}
 p - a scroll of teleportation {unknown}
Potions
 d - a potion of invisibility
 k - a potion of degeneration
 n - a potion of haste


   Skills:
 + Level 2.1 Fighting
 - Level 2.1 Dodging
 - Level 1.5 Stealth
 * Level 4.2 Spellcasting


You couldn't memorise any spells.
You knew the following spells:

 Your Spells              Type           Power      Damage    Failure   Level
a - Magic Dart            Conj           92%        1d7       1%          1
b - Searing Ray           Conj           46%        2d6       3%          2
c - Dazzling Flash        Conj/Hex       46%        N/A       6%          3
d - Fulminant Prism       Conj/Hex       11%        3d9       19%         4
e - Iskenderun's Mystic   Conj/Tloc      23%        2d6       19%         4
f - Freeze                Ice            92%        1d10      1%          1
Your spell library was empty.

Dungeon Overview and Level Annotations

Branches:
Dungeon (3/15)

Altars:

Annotations:
D:3 Ijyb


Innate Abilities, Weirdness & Mutations

You are immune to sickness and miasma.
You are immune to poison.
Your flesh is very heat resistant. (rF++)
You are vulnerable to cold. (rC-)
You float through the air rather than walking.
You learn spells naturally, not from books.
Your magical power is your life essence.
You have superior vitality. (+4 MHP)


Message History

* * * LOW HITPOINT WARNING * * *
Ijyb barely misses you.
Casting: Magic Dart (safe; 1% risk of failure)
Confirm with . or Enter, or press ? or * to list all spells.
Aiming: Magic Dart (safe; 1% risk of failure)
Press: ? - help, Shift-Dir - straight line, f/p - Ijyb
Aim: Ijyb, wielding a +0 dagger, wearing a +0 chain mail and carrying a wand of flame (10) (severely wounded, 100% to hit)
The magic dart hits Ijyb but does no damage.
Ijyb is severely wounded.
* * * LOW HITPOINT WARNING * * *
Ijyb barely misses you.
Casting: Magic Dart (safe; 1% risk of failure)
Confirm with . or Enter, or press ? or * to list all spells.
Aiming: Magic Dart (safe; 1% risk of failure)
Press: ? - help, Shift-Dir - straight line, f/p - Ijyb
Aim: Ijyb, wielding a +0 dagger, wearing a +0 chain mail and carrying a wand of flame (10) (severely wounded, 100% to hit)
The magic dart hits Ijyb but does no damage.
Ijyb is severely wounded.
* * * LOW HITPOINT WARNING * * *
Ijyb hits you with a +0 dagger.
* * * LOW HITPOINT WARNING * * *
Casting: Magic Dart (safe; 1% risk of failure)
Confirm with . or Enter, or press ? or * to list all spells.
Aiming: Magic Dart (safe; 1% risk of failure)
Press: ? - help, Shift-Dir - straight line, f/p - Ijyb
Aim: Ijyb, wielding a +0 dagger, wearing a +0 chain mail and carrying a wand of flame (10) (severely wounded, 100% to hit)
The magic dart hits Ijyb but does no damage.
Ijyb is severely wounded.
* * * LOW HITPOINT WARNING * * *
Ijyb zaps a wand.
The puff of flame misses you.
Casting: Magic Dart (safe; 1% risk of failure)
Confirm with . or Enter, or press ? or * to list all spells.
Aiming: Magic Dart (safe; 1% risk of failure)
Press: ? - help, Shift-Dir - straight line, f/p - Ijyb
Aim: Ijyb, wielding a +0 dagger, wearing a +0 chain mail and carrying a wand of flame (9) (severely wounded, 100% to hit)
The magic dart hits Ijyb.
Ijyb is severely wounded.
* * * LOW HITPOINT WARNING * * *
Ijyb hits you with a +0 dagger.
You die...

#. . ....##
#.##.##
#.##..
#.##.#######.
#.##.......g.
#.##g######..
#.##@# #.##.#
#....#
###..######
###...†....
#.†..######
#.#.## #.#...
##.#######


You could see Ijyb.

Vanquished Creatures
  3 adders (D:2)
  A worm (D:2)
  3 dart slugs
  9 bats
  3 endoplasms (D:2)
  2 giant cockroaches
  4 hobgoblins
  7 jackals
  2 quokkas
  7 ball pythons
  5 frilled lizards
  A goblin (D:2)
  4 kobolds
  7 rats
58 creatures vanquished.

Notes
Turn   | Place    | Note
-------+----------+-------------------------------------------
     0 | D:1      | LustLizard the Djinni Conjurer began the quest for the Orb.
     0 | D:1      | LustLizard set off with the following spells memorised:
                  | Magic Dart, Searing Ray, Dazzling Flash, Fulminant Prism,
                  | Iskenderun's Mystic Blast.
     0 | D:1      | Reached XP level 1. HP: 15/15 MP: 0/0
   217 | D:1      | Reached XP level 2. HP: 13/22 MP: 0/0
   525 | D:1      | Reached skill level 1 in Fighting
   944 | D:1      | Reached XP level 3. HP: 24/27 MP: 0/0
   944 | D:1      | Learned a level 1 spell: Freeze
   974 | D:1      | Found a faded altar of an unknown god.
  1764 | D:2      | Reached XP level 4. HP: 28/32 MP: 0/0
  1849 | D:2      | Reached skill level 4 in Spellcasting
  3080 | D:3      | Noticed Ijyb
  3104 | D:3      | Slain by Ijyb

Illustrated notes

Levels and vault maps discovered:
D:1:      dpeg_arrival_tiny_i, layout_basic, nicolae_ecumenical_snake_handling,
          roderic_lattice_a, chequers_serial_rivers_micro_e
D:2:      layout_basic
D:3:      layout_loops_ring, uniq_ijyb

Skill      XL: |  1  2  3  4 |
---------------+-------------+-----
Fighting       | 1 2 |  2.1
Spellcasting   | 4 |  4.2
Dodging        | |  2.1
Stealth        | |  1.5

Action                   |  1- 3 |  4- 6 || total
-------------------------+-------+-------++-------
Melee: Dagger            |     7 |     5 ||    12
 Cast: Magic Dart        |    73 |    16 ||    89
       Searing Ray       |     1 |    20 ||    21
  Use: Scroll            |       |     3 ||     3
Armor: Robe              |     6 |     2 ||     8
Dodge: Dodged            |    10 |    14 ||    24
